 Dungeon Crawl Stone Soup version 0.30.0-29-ga12c61a403 (webtiles) character file.

Game seed: 15658787915898849542

126 ChadusMaximus the Caller (level 5, -1/35 HPs)
             Began as a Human Summoner on June 10, 2023.
             Slain by a lemure (5 damage)
             ... led by Pikel
             ... while paralysed by Pikel
             ... on level 6 of the Dungeon.
             The game lasted 00:03:16 (3045 turns).

ChadusMaximus the Caller (Human Summoner)           Turns: 3045, Time: 00:03:17

Health: -1/35      AC:  3    Str: 14    XL:     5   Next: 32%
Magic:  9/9        EV:  2    Int: 18    God:
Gold:   178        SH:  0    Dex: 13    Spells: 4/10 levels left

rFire   . . .        b - +0 spear
rCold   . . .        (no shield)
rNeg    . . .        a - +0 robe
rPois   .            (no helmet)
rElec   .            (no cloak)
rCorr   .            (no gloves)
SInv    .            i - +0 pair of boots
Will    .....        (no amulet)
Stlth   ++           h - +6 ring of strength
HPRegen 0.25/turn    (no ring)
MPRegen 0.11/turn

%: no passive effects
@: paralysed
A: no striking features
a: no special abilities


You were on level 6 of the Dungeon.
You visited 1 branch of the dungeon, and saw 4 of its levels.

You collected 178 gold pieces.

Inventory:

Hand Weapons
 b - a +0 spear (weapon)
Armour
 a - a +0 robe (worn)
 i - a +0 pair of boots (worn)
Jewellery
 h - a +6 ring of strength (left hand)
 p - a +6 ring of strength
Wands
 o - a wand of flame (19)
Scrolls
 c - 4 scrolls of identify {unknown}
 e - 4 scrolls of teleportation {unknown}
 f - a scroll of enchant weapon {unknown}
 k - a scroll of amnesia {unknown}
 m - a scroll of vulnerability {unknown}
 n - a scroll of magic mapping {unknown}
 q - 2 scrolls of fog {unknown}
 v - a scroll of enchant armour {unknown}
Potions
 d - 2 potions of degeneration {unknown}
 g - 2 potions of curing {unknown}
 j - 2 potions of invisibility {unknown}
 l - a potion of ambrosia {unknown}
 r - a potion of might {unknown}
 s - a potion of heal wounds {unknown}
 t - a potion of flight {unknown}
 u - a potion of brilliance {unknown}


   Skills:
 - Level 2.0 Dodging
 - Level 2.0 Stealth
 + Level 3.1 Spellcasting
 * Level 5.6 Summonings


You had 4 spell levels left.
You knew the following spells:

 Your Spells              Type           Power      Damage    Failure   Level
a - Summon Small Mammal   Summ           92%        N/A       1%          1
b - Call Canine Familiar  Summ           23%        N/A       4%          3
c - Call Imp              Summ           46%        N/A       2%          2

Your spell library contained the following spells:

 Spells                   Type           Power      Damage    Failure   Level
 Summon Guardian Golem    Hex/Summ       12%        N/A       16%         3
 Ensorcelled Hibernation  Hex/Ice        4%         N/A       24%         2
 Portal Projectile        Hex/Tloc       4%         N/A       43%         3
 Spider Form              Tmut/Pois      2%         N/A       43%         3
 Vhi's Electric Charge    Tloc/Air       4%         N/A       43%         3
 Summon Lightning Spire   Summ/Air       12%        N/A       45%         4
 Anguish                  Hex/Necr       1%         N/A       85%         4
 Leda's Liquefaction      Hex/Erth       1%         N/A       85%         4
 Arcjolt                  Conj/Air       1%         1d11      99%         5
 Plasma Beam              Fire/Air       1%         2x1d12    100%        6


Dungeon Overview and Level Annotations

Branches:
Dungeon (3/15)

Altars:

Annotations:
D:6 Pikel


Message History

You add the spells Portal Projectile and Leda's Liquefaction to your library.
No target in view!
u - a fuming silvery potion No target in view!
A sourceless malevolence fills the Dungeon...
You fall into a shaft and drop 3 floors!
The shaft crumbles and collapses.
Found 2 gold pieces and a scroll labelled VODAMEREYG.
You now have 178 gold pieces (gained 2).
v - a scroll labelled VODAMEREYG You open the door.
There is an open door here. 2 lemures come into view.
The lemure shouts! x2
Pikel, Merchant of Souls comes into view.
He is wielding a +1 whip of freezing, wearing a +1 robe of cold resistance and carrying a wand of paralysis (7).
Pikel and a lemure come into view.
Pikel is wielding a +1 whip of freezing, wearing a +1 robe of cold resistance and carrying a wand of paralysis (7).
Pikel shouts!
The lemure shouts!
A lemure and a jelly come into view.
The lemure moves out of view.
Pikel says, "You'll feel the lick of my whip!"
Pikel hits you with a +1 whip of freezing.
Pikel freezes you. The lemure barely misses you.
Pikel says, "You'll make a fine lemure."
Pikel hits you with a +1 whip of freezing.
Pikel freezes you. The lemure hits you. Pikel attacks as you move away!
Pikel hits you with a +1 whip of freezing.
Pikel freezes you.
The jelly quivers.
Pikel attacks as you move away!
Pikel hits you with a +1 whip of freezing!
* * * LOW HITPOINT WARNING * * *
Pikel freezes you.
* * * LOW HITPOINT WARNING * * *
Pikel attacks as you move away! Pikel barely misses you.
Pikel zaps a wand.
You suddenly lose the ability to move!
The jelly hits you but does no damage. The lemure hits you.
You die...

## #. #.
#.#+#####
#.......#
.......#
#......#
#@5....#
#J55...#
#..K...#
#......#
##......#
#.......5.#
####....#.#
#....#.#
#..#.#.#


You could see Pikel, 4 lemures and a jelly.

Vanquished Creatures
  A scorpion zombie (D:3)
  An adder (D:2)
  2 dart slugs (D:2)
  2 ball pythons
  4 bats
  3 endoplasms (D:1)
  3 hobgoblins
  2 jackals
  A kobold (D:1)
  A ball python skeleton (D:3)
  A frilled lizard (D:1)
  4 goblins
  A rat (D:2)
26 creatures vanquished.

Vanquished Creatures (collateral kills)
  Terence (D:3)
  An adder zombie (D:3)
  An adder skeleton (D:3)
  An orc (D:3)
  An endoplasm (D:3)
  A goblin (D:1)
  10 jackals
  2 quokkas
  2 ball pythons (D:3)
  A ball python zombie (D:3)
  2 bats (D:1)
  A jackal zombie (D:3)
  A kobold (D:3)
  A rat (D:1)
26 creatures vanquished.

Grand Total: 52 creatures vanquished

Notes
Turn   | Place    | Note
-------+----------+-------------------------------------------
     0 | D:1      | ChadusMaximus the Human Summoner began the quest for the
                  | Orb.
     0 | D:1      | Reached XP level 1. HP: 13/13 MP: 3/3
   298 | D:1      | Reached XP level 2. HP: 13/19 MP: 5/5
   758 | D:1      | Reached XP level 3. HP: 18/24 MP: 3/6
  1363 | D:1      | Learned a level 3 spell: Call Canine Familiar
  1366 | D:1      | Learned a level 2 spell: Call Imp
  2269 | D:2      | Reached skill level 5 in Summonings
  2269 | D:2      | Reached XP level 4. HP: 19/30 MP: 6/8
  2800 | D:3      | Noticed Terence
  2816 | D:3      | Killed Terence
  2817 | D:3      | Reached XP level 5. HP: 24/35 MP: 2/9
  3007 | D:3      | You fall into a shaft and drop 3 floors!
  3029 | D:6      | Noticed a lemure
  3029 | D:6      | Noticed a lemure
  3033 | D:6      | Noticed Pikel
  3037 | D:6      | Noticed a lemure
  3038 | D:6      | Noticed a lemure
  3044 | D:6      | Paralysed by Pikel for 3 turns
  3045 | D:6      | Slain by a lemure

Illustrated notes

Levels and vault maps discovered:
D:1:      dpeg_arrival_concentric_ovals, layout_loops_corners,
          serial_bayou_ford_a, st_stairs_6
D:2:      layout_loops_corners
D:3:      layout_rooms, ebering_ghost_sewer_f, serial_undead, serial_undead_d,
          serial_undead_f, serial_undead_f, serial_undead_a, uniq_terence
D:6:      minmay_diamond_boxcup, layout_basic, old_standard_altar, minitemple,
          uniq_pikel

Skill      XL: |  1  2  3  4 |
---------------+-------------+-----
Summonings     | 5 |  5.6
Spellcasting   | 3 |  3.1
Dodging        | |  2.0
Stealth        | |  2.0

Action                     |  1- 3 |  4- 6 || total
---------------------------+-------+-------++-------
  Melee: Unarmed           |     6 |       ||     6
         Spear             |   142 |    35 ||   177
         Punch             |     1 |       ||     1
   Cast: Summon Small Mamm |    25 |    10 ||    35
         Call Imp          |     1 |     4 ||     5
         Call Canine Famil |       |     2 ||     2
    Use: Potion            |     1 |       ||     1
   Stab: Sleeping          |     5 |     2 ||     7
 Armour: Robe              |    37 |    10 ||    47
  Dodge: Dodged            |   122 |    20 ||   142
